Map: Seething Jungle

Players

JJStyles

  • Race: Zerg Zerg
  • League: Silver
  • Spawn Location: 6:00

Tezzarate

  • Race: Zerg Zerg
  • League: Gold
  • Spawn Location: 7:00

TylerDurden - Winner!

  • Race: Zerg Zerg
  • League: Platinum
  • Spawn Location: 12:00

Grumm - Winner!

  • Race: Protoss Protoss
  • League: Gold
  • Spawn Location: 1:00

VOD

Have the link to the VOD?

Description

Time

  • Played on: Jan. 24, 2016, 11:19 p.m.
  • Length: 5:51
Show
View Real Time Build Order
Export as new Build Order

JJStyles Zerg 

Build Orders: Hatch First 

Get SALT Encoding   

  12  0:01  Drone  
  13  0:09  Drone  
  14  0:16  Drone, Extractor  
  14  0:20  Extractor  
  13  0:21  Drone  
  13  0:27  Overlord  
  16  0:54  Drone, Hatchery  
  16  0:58  Drone, Extractor  
  16  1:03  Drone  
  17  1:18  Spawning Pool  
  16  1:19  Drone  
  16  1:23  Drone  
  18  1:28  Drone  
  19  1:38  Drone  
  20  1:50  Drone  
  21  2:00  Extractor  
  20  2:06  Queen  
  20  2:07  Drone  
  23  2:12  Drone x2  
  25  2:26  Drone  
  25  2:29  Drone x2  
  28  2:48  Overlord  
  28  2:49  Overlord  
  28  2:54  Spore Crawler  
  28  2:58  Drone  
  28  3:00  Drone, Spore Crawler  
  28  3:04  Overlord x2  
  28  3:10  Drone  
  28  3:11  Spore Crawler  
  28  3:18  Hatchery  
  27  3:26  Drone x2  
  29  3:28  Drone  
  29  3:29  Drone  
  31  3:42  Zergling x2  
  31  3:43  Zergling x4  
  31  3:44  Zergling x2  
  27  4:14  Lair  
  27  4:18  Drone x3  
  27  4:21  Drone x3  
  33  4:31  Drone  
  32  4:41  Drone  
  32  4:45  Extractor x2  
  31  4:53  Drone  
  31  4:54  Drone x2  
  31  4:55  Drone x2  
  31  4:57  Queen  
  38  5:01  Drone  
  38  5:02  Drone x4  
  43  5:20  Drone  
  43  5:21  Drone  
  45  5:22  Spire  
  45  5:28  Zergling x2  
  45  5:29  Zergling x6  
Show
View Real Time Build Order
Export as new Build Order

Tezzarate Zerg 

Build Orders: Hatch First 

Get SALT Encoding   

  12  0:01  Drone  
  13  0:09  Drone  
  14  0:21  Extractor  
  13  0:22  Drone  
  13  0:23  Drone, Extractor  
  13  0:27  Overlord  
  16  0:46  Drone x2  
  18  0:55  Drone  
  19  1:03  Hatchery  
  18  1:07  Drone  
  19  1:18  Drone  
  20  1:22  Spawning Pool  
  19  1:25  Extractor  
  19  1:28  Drone  
  19  1:43  Drone  
  20  1:50  Drone  
  21  1:59  Overlord  
  21  2:13  Drone  
  21  2:14  Queen  
  21  2:15  Queen  
  24  2:16  Drone  
  27  2:28  Drone x2  
  29  2:33  Metabolic Boost  
  29  2:37  Extractor  
  29  2:38  Zergling x2  
  29  2:47  Hatchery  
  29  2:48  Zergling x4  
  29  2:49  Zergling x2  
  31  2:56  Zergling x2  
  32  3:00  Spine Crawler  
  31  3:07  Roach Warren  
  29  3:18  Zergling x8  
  33  3:28  Zergling x4  
  31  3:40  Zergling x2, Overlord  
  24  3:54  Zergling x8, Roach  
  28  4:08  Zergling x6, Roach  
  25  4:21  Roach x2  
  26  4:25  Drone  
  21  4:34  Drone  
  21  4:37  Drone  
  23  4:50  Drone  
  23  4:54  Drone  
  23  4:59  Drone  
  25  5:04  Drone  
  26  5:10  Drone  
  27  5:15  Drone  
  25  5:31  Zergling x4, Roach  
Show
View Real Time Build Order
Export as new Build Order

TylerDurden Zerg - Winner!

Build Orders: Pool First 

Get SALT Encoding   

  12  0:01  Drone  
  13  0:12  Overlord  
  13  0:17  Drone  
  14  0:31  Drone x2  
  14  0:35  Drone  
  17  0:48  Spawning Pool  
  16  0:50  Extractor  
  15  1:00  Drone x2  
  17  1:10  Drone  
  18  1:18  Drone  
  19  1:33  Overlord  
  19  1:34  Hatchery  
  18  1:41  Queen  
  20  1:47  Drone  
  21  1:58  Metabolic Boost  
  21  2:03  Zergling x4  
  23  2:12  Zergling x2  
  24  2:22  Zergling x2  
  25  2:38  Zergling x2  
  26  2:53  Zergling x8  
  26  2:55  Queen  
  32  2:59  Overlord  
  32  3:10  Overlord  
  32  3:22  Hatchery  
  32  3:23  Zergling x10  
  35  3:47  Zergling x2  
  36  3:53  Zergling x2  
  36  3:54  Overlord x3  
  35  4:09  Zergling x2  
  36  4:12  Zergling x2  
  36  4:13  Zergling x2  
  33  4:24  Zergling x6  
  34  4:34  Zergling x4  
  34  4:35  Zergling x2  
  33  4:45  Queen  
  35  5:01  Drone x2  
  35  5:02  Drone x6  
  35  5:03  Drone  
  44  5:19  Roach Warren  
  43  5:21  Drone x3  
  40  5:39  Drone x2  
Show
View Real Time Build Order
Export as new Build Order

Grumm Protoss - Winner!

Build Orders:  

Get SALT Encoding   

  12  0:01  Probe (Chrono Boost)  
  13  0:12  Probe (Chrono Boost)  
  14  0:19  Pylon  
  14  0:22  Probe (Chrono Boost)  
  15  0:32  Assimilator  
  15  0:41  Probe (Chrono Boost)  
  16  0:44  Gateway  
  16  0:52  Probe (Chrono Boost)  
  17  1:02  Gateway  
  17  1:04  Probe (Chrono Boost)  
  18  1:11  Pylon  
  18  1:15  Probe (Chrono Boost)  
  19  1:32  Cybernetics Core  
  19  1:33  Probe (Chrono Boost)  
  22  1:40  Zealot (Chrono Boost)  
  22  1:44  Assimilator  
  22  1:50  Zealot (Chrono Boost)  
  24  2:00  Probe  
  25  2:09  Adept (Chrono Boost)  
  25  2:12  Warp Gate (Chrono Boost)  
  25  2:14  Adept  
  29  2:24  Probe  
  30  2:39  Stargate  
  30  2:58  Nexus  
  30  3:10  Pylon  
  30  3:26  Probe  
  31  3:54  Void Ray  
  35  3:56  Stalker  
  35  3:57  Stalker  
  35  3:59  Probe  
  35  4:01  Gateway  
  36  4:03  Gateway  
  36  4:06  Forge  
  36  4:11  Probe  
  33  4:27  Assimilator  
  33  4:30  Pylon  
  33  4:36  Robotics Facility  
  33  4:45  Assimilator  
  33  4:55  Probe x2 (Chrono Boost)  
  35  5:06  Probe (Chrono Boost)  
  36  5:07  Void Ray  
  36  5:10  Sentry  
  42  5:16  Zealot  
  42  5:20  Zealot  
  46  5:25  Adept  
  50  5:36  Probe (Chrono Boost)  
  50  5:40  Probe (Chrono Boost)  
Tags
 
Add a new tag
Caveats
  • Supply blocks, unpowered buildings, or Contaminate may cause inaccurate times.
  • Supply counts are checked every 10 seconds.